 Dungeon Crawl Stone Soup version 0.21-a0-552-g593960d (webtiles) character file.

2 tidbits the Caller (level 1, 0/13 HPs)
             Began as a Gnoll Summoner on Dec 17, 2017.
             Slain by a bat (1 damage)
             ... on level 3 of the Dungeon.
             The game lasted 00:01:05 (98 turns).

tidbits the Caller (Gnoll Summoner)                   Turns: 98, Time: 00:01:06

Health: 0/13       AC:  2    Str: 10    XL:     1   Next: 40%
Magic:  4/6        EV: 14    Int: 17    God:
Gold:   12         SH:  0    Dex: 15    Spells: 8/9 levels left

rFire    . . .     SeeInvis .   e - +0 club
rCold    . . .     Gourm    .   (no shield)
rNeg     . . .     Faith    .   a - +0 robe
rPois    .         Spirit   .   (no helmet)
rElec    .         Reflect  .   (no cloak)
rCorr    .         Harm     .   (no gloves)
MR       .....                  (no boots)
Stlth    +++.......             (no amulet)
HPRegen  0.04/turn              (no ring)
MPRegen  0.10/turn              (no ring)

@: no status effects
A: distributed training, fangs 1, strong nose
a: no special abilities


You were on level 3 of the Dungeon.
You were not hungry.

You visited 1 branch of the dungeon, and saw 3 of its levels.

You collected 12 gold pieces.

Inventory:

Hand Weapons
 e - a +0 club (weapon)
Missiles
 d - 7 tomahawks (quivered)
Armour
 a - a +0 robe (worn)
Books
 b - a book of Callings

   Spells                             Type                      Level
   a - Summon Small Mammal            Summoning                    1
   b - Call Imp                       Summoning                    2
   c - Call Canine Familiar           Summoning                    3
   d - Summon Guardian Golem          Hexes/Summoning              3
   e - Summon Lightning Spire         Summoning/Air                4
   f - Summon Ice Beast               Ice/Summoning                4
Comestibles
 c - a bread ration


   Skills:
 + Level 0.0 Fighting
 + Level 0.0 Short Blades
 + Level 0.0 Long Blades
 + Level 0.0 Axes
 + Level 0.0 Maces & Flails
 + Level 0.0 Polearms
 + Level 0.0 Staves
 + Level 0.0 Slings
 + Level 0.0 Bows
 + Level 0.0 Crossbows
 + Level 0.0 Throwing
 + Level 0.0 Armour
 + Level 4.4 Dodging
 + Level 4.0 Stealth
 + Level 0.0 Shields
 + Level 0.0 Unarmed Combat
 + Level 4.8 Spellcasting
 + Level 0.0 Conjurations
 + Level 0.0 Hexes
 + Level 0.0 Charms
 + Level 7.0 Summonings
 + Level 0.0 Necromancy
 + Level 0.0 Translocations
 + Level 0.0 Transmutations
 + Level 0.0 Fire Magic
 + Level 0.0 Ice Magic
 + Level 0.0 Air Magic
 + Level 0.0 Earth Magic
 + Level 0.0 Poison Magic
 + Level 0.1 Invocations
 + Level 0.0 Evocations


You had 8 spell levels left.
You knew the following spells:

 Your Spells              Type           Power        Failure   Level  Hunger
a - Summon Small Mammal   Summ           ####         1%          1    None


Dungeon Overview and Level Annotations

Branches:
Dungeon (3/15)

Altars:


Innate Abilities, Weirdness & Mutations

Your experience applies equally to all skills.
You have very sharp teeth.
Your uncanny sense of smell can sniff out nearby items.


Message History

There is a stone staircase leading down here.
You climb downwards.
Your summoned allies are left behind.
There is a stone staircase leading up here.
A bat and an adder come into view.
Found a scroll labeled BYD INAHITHAS.
Casting: Summon Small Mammal
Confirm with . or Enter, or press ? or * to list all spells.
The bat hits you but does no damage. The bat barely misses you.
Your bat hits the bat but does no damage.
Your bat closely misses the bat.
The bat closely misses you.
Your bat closely misses the bat.
A leopard gecko comes into view.
The bat hits your bat.
Your bat closely misses the bat.
The bat hits your bat.
Casting: Summon Small Mammal
Confirm with . or Enter, or press ? or * to list all spells.
Your bat hits the bat but does no damage.
The bat hits you.
Your bat closely misses the bat.
The bat barely misses you.
Your bat barely misses the bat.
The bat barely misses your bat.
Your bat completely misses the bat.
The bat barely misses your bat. The bat barely misses your rat.
Your bat hits the bat but does no damage.
The bat closely misses your rat.
The bat hits your rat but does no damage.
Your bat hits the bat.
A goblin comes into view. It is wielding a dagger.
The bat barely misses your rat.
Your bat hits the bat but does no damage.
The bat closely misses your rat.
Your bat closely misses the bat.
Your rat barely misses the bat.
A goblin comes into view. It is wielding a club.
The bat barely misses your rat.
Your bat barely misses the bat.
The bat hits your rat but does no damage.
Your bat hits the bat.
Your rat barely misses the bat.
The bat closely misses your rat.
Found a bread ration.
A giant cockroach comes into view.
You open the gate.
A dart slug comes into view.
The goblin shouts!
You hear an angry hiss.
The dart slug launches a dart at you. The slug dart hits you!
An orc comes into view. It is wielding a club.
Found a stone staircase leading down.
The leopard gecko hisses menacingly.
An adder comes into view.
Your rat bites the goblin.
The goblin hits your rat but does no damage.
The goblin hits your rat but does no damage.
The leopard gecko hisses menacingly.
The goblin hits your rat but does no damage.
Your rat closely misses the goblin.
The goblin hits your rat with a dagger. The giant cockroach misses your bat.
An adder comes into view.
The adder hisses angrily.
You hear a shout!
The dart slug closely misses your rat.
The adder hisses angrily.
Your bat disappears in a puff of smoke!
Your rat disappears in a puff of smoke!
A goblin comes into view. It is wielding a club.
There is a stone staircase leading down here.
You climb downwards. 2 bats and an adder come into view.
Found a small moonstone ring.
There is a stone staircase leading up here.
The adder hisses angrily.
The bat moves out of view. x2
Casting: Summon Small Mammal
Confirm with . or Enter, or press ? or * to list all spells.
The bat hits you but does no damage.
The bat hits your quokka but does no damage.
The adder barely misses your quokka. The bat closely misses you.
Something closely misses your quokka. The bat hits you.
The bat hits your quokka. The adder bites your quokka.
Found a leather armour.
Casting: Summon Small Mammal
Confirm with . or Enter, or press ? or * to list all spells.
The bat closely misses your quokka. The bat hits you.
The bat barely misses your quokka. The bat closely misses you.
The bat barely misses you.
Your quokka barely misses the bat.
The bat closely misses your quokka.
Your quokka bites the bat.
The bat barely misses you.
The bat hits your quokka but does no damage.
Your quokka closely misses the bat.
The bat misses you. The adder bites your quokka.
Your quokka dies!
Your quokka's corpse disappears in a puff of smoke!
Found a scroll labeled AWUBUL OSTRERE.
You closely miss the bat. The bat barely misses your quokka.
The bat hits you but does no damage.
Your quokka misses the bat. The adder bites you.
* * * LOW HITPOINT WARNING * * *
The bat completely misses your quokka.
Your quokka bites the bat but does no damage.
Casting: Summon Small Mammal
Confirm with . or Enter, or press ? or * to list all spells.
The bat misses your quokka. The bat barely misses you. The adder bites you.
* * * LOW HITPOINT WARNING * * *
The bat hits you.
You die...

##=.... .#.###. .
.......##.#.#...?
.##...... #.#.#.##
........###.#.#...
#...<..#....#
#.......#......#
#+##....br....r###..
......###.Sb....[..
....#.. #...@.......
....#+# #..###......
... #..# ..... ..
#..# ...# #..# ..#
#..# .. ### .


You could see an adder, 2 bats, a friendly quokka and a friendly rat.

Vanquished Creatures (collateral kills)
  A giant cockroach (D:1)
  2 hobgoblins (D:1)
3 creatures vanquished.

Notes
Turn   | Place    | Note
-------+----------+-------------------------------------------
     0 | D:1      | tidbits the Gnoll Summoner began the quest for the Orb.
     0 | D:1      | Reached XP level 1. HP: 13/13 MP: 6/6
    97 | D:3      | HP: 1/13 [adder (5)]
    98 | D:3      | Slain by a bat

Vault maps used:
D:1:      onia_arrival_larder
D:2:      hangedman_decor_points, kennysheep_cluttered_room
D:3:      uniq_ijyb

Action                   || total
-------------------------++-------
Melee: Club              ||     1
       Unarmed           ||     1
Throw: Tomahawk          ||     1
 Cast: Summon Small Mamm ||     8
Armor: Robe              ||     4
Dodge: Dodged            ||    16

Table legend:
 A = Spawn XP
 B = Non-spawn XP
 C = Spawn XP percentage of total XP
 D = Spawn monster count
 E = Non-spawn monster count
 F = Spawn count percentage of total count
 G = Total turns spent on level
                    A         B        C        D         E        F      G
               +---------+---------+-------+---------+---------+-------+---------
         Total |       0 |       4 |   0.0 |       0 |       3 |   0.0 |    98
               +---------+---------+-------+---------+---------+-------+---------
           D:1 |       0 |       4 |   0.0 |       0 |       3 |   0.0 |    51
               +---------+---------+-------+---------+---------+-------+---------

Table legend:
 A = Turns spent in this place as a percentage of turns spent in the entire game.
 B = Non-inter-level travel turns spent in this place as a percentage of non-inter-level travel turns spent in the entire game.
 C = Inter-level travel turns spent in this place as a percentage of turns spent in this place.
 D = Turns resting spent in this place as a percentage of non-inter-level travel turns spent in this place.
 E = Turns spent auto-exploring this place as a percentage of non-inter-level travel turns spent in this place.
 F = Non-inter-level travel turns spent in this place divided by the number of levels of this place that you've seen.
                   A       B       C       D       E      F
               +-------+-------+-------+-------+-------+----------------------
         Total | 100.0 | 100.0 |   0.0 |   0.0 |   0.0 |  32.7
       Dungeon | 100.0 | 100.0 |   0.0 |   0.0 |   0.0 |  32.7
               +-------+-------+-------+-------+-------+----------------------

Table legend:
 A = Kills in this place as a percentage of kills in entire the game.
 B = Kills by you in this place as a percentage of kills by you in the entire game.
 C = Kills by friends in this place as a percentage of kills by friends in the entire game.
 D = Other kills in this place as a percentage of other kills in the entire game.
 E = Experience gained in this place as a percentage of experience gained in the entire game.
 F = Experience gained in this place divided by the number of levels of this place that you have seen.
                   A       B       C       D       E      F
               +-------+-------+-------+-------+-------+----------------------
         Total | 100.0 |   N/A | 100.0 |   N/A | 100.0 |   1.3
       Dungeon | 100.0 |   N/A | 100.0 |   N/A | 100.0 |   1.3
               +-------+-------+-------+-------+-------+----------------------

Vault maps used:
D:1:      onia_arrival_larder
D:2:      hangedman_decor_points, kennysheep_cluttered_room
D:3:      uniq_ijyb
